[ PARTIDA AOE2 · #474032254 ]
Team RMEtíopes vs Malay
[ ANÁLISIS DE REPETICIÓN · EXTRAÍDO DE LA PARTIDA GRABADA ]
Feudal
13:31
Castillos
—
Imperial
—
| APM promedio | 8.5 |
| APM pico | 24 |
| eAPM promedio | 5.9 |
| Aldeanos / militares | 26 / 2 |
Foco
⚔️ 4.9% · 🌾 95.1%
Militia ×2
Feudal
11:34
Castillos
—
Imperial
—
| APM promedio | 11.6 |
| APM pico | 16 |
| eAPM promedio | 8.6 |
| Aldeanos / militares | 44 / 0 |
Foco
⚔️ 8.2% · 🌾 91.8%
Feudal
12:48
Castillos
—
Imperial
—
| APM promedio | 18.2 |
| APM pico | 39 |
| eAPM promedio | 8.9 |
| Aldeanos / militares | 38 / 0 |
Foco
⚔️ 11.1% · 🌾 88.9%
Feudal
10:01
Castillos
—
Imperial
—
| APM promedio | 25.8 |
| APM pico | 97 |
| eAPM promedio | 12.3 |
| Aldeanos / militares | 23 / 3 |
Foco
⚔️ 21.7% · 🌾 78.3%
Scout Cavalry ×3
Mapa de la partida
Recursos iniciales + cada clic de construcción. Líneas = muros · curvas = relieve. ◆ oro · ⬟ piedra · ● bayas · ✦ reliquia · ◌ hueco del cierre
Tu base· Abierta — flanco sin cerrar
Base de Abetterhandle· Abierta — flanco sin cerrar
Base de 杨's仓库· Abierta — flanco sin cerrar
Base de Cletus· Abierta — flanco sin cerrar
Terreno inicial suavizado · ◌ = hueco del cierre detectado · pasá el cursor para detalles
Inputs por minuto
— Spike - - Abetterhandle
Build order — Spike
45 acciones detectadas en el replay
| 0:19 | Construir | House |
| 0:20 | Construir | House |
| 0:22 | Crear | Villager (Male) |
| 0:23 | Crear | Villager (Male) |
| 0:23 | Crear | Villager (Male) |
| 1:42 | Construir | Lumber Camp |
| 1:58 | Crear | Villager (Male) |
| 1:58 | Crear | Villager (Male) |
| 1:58 | Crear | Villager (Male) |
| 3:03 | Crear | Villager (Male) |
| 3:03 | Crear | Villager (Male) |
| 3:03 | Crear | Villager (Male) |
| 4:31 | Crear | Villager (Male) |
| 4:31 | Crear | Villager (Male) |
| 4:31 | Crear | Villager (Male) |
| 4:31 | Crear | Villager (Male) |
| 5:02 | Construir | Mill |
| 5:40 | Crear | Villager (Male) |
| 5:41 | Crear | Villager (Male) |
| 5:41 | Crear | Villager (Male) |
| 5:41 | Crear | Villager (Male) |
| 5:41 | Crear | Villager (Male) |
| 6:42 | Construir | House |
| 6:43 | Construir | House |
| 8:28 | Crear | Villager (Male) |
| 8:28 | Crear | Villager (Male) |
| 8:28 | Crear | Villager (Male) |
| 8:30 | Crear | Villager (Male) |
| 8:30 | Crear | Villager (Male) |
| 9:27 | Construir | Mining Camp |
| 10:14 | Construir | Barracks |
| 11:21 | Investigar | Feudal Age |
| 11:29 | Crear | Villager (Male) |
| 11:29 | Crear | Villager (Male) |
| 11:30 | Crear | Villager (Male) |
| 11:45 | Construir | Farm |
| 11:46 | Construir | Farm |
| 11:46 | Construir | Farm |
| 12:03 | Crear | Militia |
| 12:10 | Crear | Militia |
| 12:26 | Construir | House |
| 12:28 | Construir | House |
| 12:32 | Construir | House |
| 12:33 | Construir | House |
| 13:31 | Edad | Edad Feudal |
Build order — Abetterhandle
49 acciones detectadas en el replay
| 0:02 | Crear | Villager (Male) ×4 |
| 0:08 | Construir | House |
| 0:09 | Construir | House |
| 1:33 | Crear | Villager (Male) |
| 1:34 | Crear | Villager (Male) |
| 2:14 | Crear | Villager (Male) |
| 2:15 | Crear | Villager (Male) |
| 2:32 | Crear | Villager (Male) |
| 2:32 | Crear | Villager (Male) |
| 2:49 | Construir | House |
| 3:00 | Construir | House |
| 3:13 | Construir | Lumber Camp |
| 3:16 | Crear | Villager (Male) ×2 |
| 3:17 | Crear | Villager (Male) ×2 |
| 3:50 | Crear | Villager (Male) |
| 4:01 | Crear | Villager (Male) |
| 4:01 | Crear | Villager (Male) |
| 4:21 | Crear | Villager (Male) |
| 4:21 | Crear | Villager (Male) |
| 4:54 | Investigar | Loom |
| 5:33 | Crear | Villager (Male) ×4 |
| 5:34 | Crear | Villager (Male) ×4 |
| 6:39 | Construir | Mill |
| 6:56 | Construir | Mill |
| 7:08 | Crear | Villager (Male) |
| 7:08 | Crear | Villager (Male) |
| 7:08 | Crear | Villager (Male) |
| 7:45 | Crear | Villager (Male) |
| 7:45 | Crear | Villager (Male) |
| 9:49 | Crear | Villager (Male) |
| 9:49 | Crear | Villager (Male) |
| 10:16 | Investigar | Feudal Age |
| 10:44 | Construir | Barracks |
| 11:15 | Crear | Villager (Male) |
| 11:15 | Crear | Villager (Male) |
| 11:34 | Edad | Edad Feudal |
| 11:38 | Crear | Villager (Male) |
| 11:39 | Crear | Villager (Male) |
| 11:54 | Construir | Lumber Camp |
| 12:03 | Construir | Mill |
| 12:11 | Construir | House |
| 12:12 | Construir | House |
| 12:36 | Crear | Villager (Male) |
| 12:41 | Investigar | Double-Bit Axe |
| 13:31 | Crear | Villager (Male) |
| 13:32 | Crear | Villager (Male) |
| 13:32 | Crear | Villager (Male) |
| 13:59 | Crear | Villager (Male) |
| 14:00 | Crear | Villager (Male) |
Build order — 杨's仓库
58 acciones detectadas en el replay
| 0:00 | Crear | Villager (Male) |
| 0:01 | Crear | Villager (Male) |
| 0:01 | Crear | Villager (Male) |
| 0:01 | Crear | Villager (Male) |
| 0:04 | Construir | House |
| 0:06 | Construir | House |
| 2:09 | Crear | Villager (Male) |
| 3:01 | Construir | Lumber Camp |
| 3:20 | Crear | Villager (Male) |
| 3:20 | Crear | Villager (Male) |
| 3:20 | Crear | Villager (Male) |
| 3:21 | Crear | Villager (Male) |
| 3:21 | Crear | Villager (Male) |
| 4:04 | Crear | Villager (Male) |
| 4:18 | Crear | Villager (Male) |
| 4:57 | Construir | Mill |
| 5:20 | Crear | Villager (Male) |
| 6:08 | Crear | Villager (Male) |
| 6:08 | Crear | Villager (Male) |
| 6:15 | Construir | House |
| 6:46 | Crear | Villager (Male) |
| 6:47 | Crear | Villager (Male) |
| 7:06 | Crear | Villager (Male) |
| 7:40 | Crear | Villager (Male) |
| 7:55 | Crear | Villager (Male) |
| 7:55 | Crear | Villager (Male) |
| 8:01 | Construir | House |
| 8:44 | Crear | Villager (Male) |
| 8:48 | Crear | Villager (Male) |
| 8:49 | Crear | Villager (Male) |
| 8:49 | Crear | Villager (Male) |
| 10:17 | Crear | Villager (Male) |
| 10:18 | Crear | Villager (Male) |
| 10:18 | Crear | Villager (Male) |
| 10:18 | Crear | Villager (Male) |
| 10:18 | Crear | Villager (Male) |
| 10:18 | Crear | Villager (Male) |
| 10:19 | Crear | Villager (Male) |
| 10:19 | Crear | Villager (Male) |
| 10:27 | Investigar | Feudal Age |
| 10:40 | Construir | Mining Camp |
| 10:51 | Construir | Lumber Camp |
| 11:03 | Construir | Farm |
| 11:03 | Construir | Farm |
| 11:03 | Construir | Farm |
| 11:03 | Construir | Farm |
| 11:26 | Crear | Villager (Male) |
| 11:27 | Crear | Villager (Male) |
| 12:00 | Construir | House |
| 12:22 | Construir | Farm |
| 12:22 | Construir | Farm |
| 12:37 | Crear | Villager (Male) |
| 12:48 | Edad | Edad Feudal |
| 12:53 | Crear | Villager (Male) |
| 13:00 | Investigar | Horse Collar |
| 13:05 | Investigar | Double-Bit Axe |
| 13:46 | Crear | Villager (Male) |
| 14:06 | Construir | Mining Camp |
Build order — Cletus
51 acciones detectadas en el replay
| 0:03 | Construir | House |
| 0:05 | Construir | House |
| 0:08 | Crear | Villager (Male) ×4 |
| 1:36 | Crear | Villager (Male) |
| 2:02 | Construir | Lumber Camp |
| 2:29 | Crear | Villager (Male) |
| 2:30 | Crear | Villager (Male) |
| 2:30 | Crear | Villager (Male) |
| 2:57 | Crear | Villager (Male) |
| 3:38 | Crear | Villager (Male) |
| 3:38 | Crear | Villager (Male) |
| 3:45 | Crear | Villager (Male) |
| 3:48 | Construir | House |
| 4:15 | Crear | Villager (Male) |
| 4:21 | Construir | Mill |
| 5:08 | Crear | Villager (Male) |
| 5:08 | Crear | Villager (Male) |
| 5:42 | Crear | Villager (Male) |
| 5:42 | Crear | Villager (Male) |
| 6:03 | Crear | Villager (Male) |
| 6:03 | Crear | Villager (Male) |
| 6:03 | Crear | Villager (Male) |
| 6:25 | Construir | Mining Camp |
| 6:53 | Investigar | Loom |
| 7:51 | Investigar | Feudal Age |
| 8:24 | Construir | Barracks |
| 9:57 | Construir | House |
| 10:01 | Edad | Edad Feudal |
| 10:09 | Construir | Stable |
| 10:11 | Crear | Villager (Male) |
| 10:11 | Crear | Villager (Male) |
| 11:10 | Investigar | Bloodlines |
| 11:36 | Crear | Villager (Male) |
| 11:42 | Crear | Scout Cavalry |
| 11:51 | Construir | Blacksmith |
| 12:13 | Construir | Watch Tower |
| 12:19 | Construir | Stone Wall |
| 12:20 | Construir | Stone Wall |
| 12:33 | Crear | Scout Cavalry |
| 12:40 | Investigar | Forging |
| 12:49 | Crear | Scout Cavalry |
| 13:00 | Construir | Palisade Wall |
| 13:18 | Construir | Stone Wall |
| 13:20 | Construir | Stone Wall |
| 13:21 | Construir | Stone Wall |
| 13:22 | Construir | Stone Wall |
| 13:36 | Construir | Stone Wall |
| 13:37 | Construir | Stone Wall |
| 13:41 | Construir | House |
| 13:50 | Construir | Stone Wall |
| 13:52 | Construir | Stone Wall |
Cronología de la partida
| 8:24 | Cletus · first_building Barracks |
| 10:01 | Cletus · age_up feudal |
| 10:09 | Cletus · first_building Stable |
| 10:14 | Spike · first_building Barracks |
| 10:44 | Abetterhandle · first_building Barracks |
| 11:34 | Abetterhandle · age_up feudal |
| 12:19 | Cletus · wall_segment Stone Wall x1 |
| 12:20 | Cletus · wall_segment Stone Wall x1 |
| 12:48 | 杨's仓库 · age_up feudal |
| 13:00 | Cletus · wall_segment Palisade Wall x1 |
| 13:18 | Cletus · wall_segment Stone Wall x1 |
| 13:20 | Cletus · wall_segment Stone Wall x1 |
| 13:21 | Cletus · wall_segment Stone Wall x1 |
| 13:22 | Cletus · wall_segment Stone Wall x1 |
| 13:31 | Spike · age_up feudal |
| 13:36 | Cletus · wall_segment Stone Wall x1 |
| 13:37 | Cletus · wall_segment Stone Wall x1 |
| 13:50 | Cletus · wall_segment Stone Wall x1 |
| 13:52 | Cletus · wall_segment Stone Wall x1 |
| 14:10 | Spike · resign |
[ ANÁLISIS IA · 1 CRÉDITO ]
¿Qué pasó realmente en esta partida?
Wolo.gg analiza cada decisión: build order, eco, micro, errores típicos por bracket. Análisis personalizado por WhatsApp o Discord en 30 segundos.
Guía civ
Etíopes
Guía mapa
Black Forest
Perfil
Spike